 Dungeon Crawl Stone Soup version 0.30-a0-718-geaa24f58ff (webtiles) character file.

Game seed: 17729999099598165222

30 lunkers the Chopper (level 3, -2/31 HPs)
             Began as a Meteoran Fighter on Jan 26, 2023.
             Slain by a gnoll
             ... wielding a +1 halberd of protection
              (9 damage)
             ... on level 3 of the Dungeon.
             The game lasted 00:01:10 (591 turns).

lunkers the Chopper (Meteoran Fighter)               Turns: 591, Time: 00:01:10

Health: -2/31      AC:  6    Str: 17    XL:     3   Next: 55%
Magic:  4/4        EV:  9    Int:  9    God:
Gold:   40         SH:  5    Dex: 16    Spells: 2/2 levels left

rFire   . . .      SeeInvis .    a - +0 war axe
rCold   . . .      Faith    .    c - +0 buckler
rNeg    . . .      Spirit   .    b - +0 scale mail
rPois   .          Reflect  .    (no helmet)
rElec   .          Harm     .    (no cloak)
rCorr   .          Rampage  .    (no gloves)
Will    .....                    (no boots) Stlth
                                 (no amulet)
HPRegen 0.25/turn                (no ring)
MPRegen 0.09/turn                (no ring)

@: glowing
A: sense surroundings 1, otherworldly, glowing, explore regen
a: no special abilities


You were on level 3 of the Dungeon.
You visited 1 branch of the dungeon, and saw 3 of its levels.

You collected 40 gold pieces.

Inventory:

Hand Weapons
 a - a +0 war axe (weapon)
Armour
 b - a +0 scale mail (worn)
 c - a +0 buckler (worn)
Jewellery
 i - a +6 ring of strength
Scrolls
 f - 2 scrolls of teleportation {unknown}
 h - a scroll of blinking {unknown}
 j - a scroll of vulnerability {unknown}
 k - a scroll of amnesia {unknown}
 l - a scroll of fog {unknown}
Potions
 d - a potion of might
 e - a potion of haste {unknown}
 g - a potion of heal wounds {unknown}


   Skills:
 - Level 3.2 Fighting
 + Level 4.3 Axes
 - Level 3.6 Armour
 - Level 3.6 Shields


You had 2 spell levels left.
You didn't know any spells.
Your spell library contained the following spells:

 Spells                   Type           Power      Damage    Failure   Level
 Slow                     Hex            0%         N/A       87%         1
 Confusing Touch          Hex            0%         N/A       99%         3
 Vampiric Draining        Necr           0%         2d6       99%         3
 Vhi's Electric Charge    Tloc/Air       0%         N/A       99%         3
 Arcjolt                  Conj/Air       0%         1d10      100%        5
 Maxwell's Capacitive Co  Air            0%         ∞         100%        8


Dungeon Overview and Level Annotations

Branches:
Dungeon (3/15) Zot: 1186

Altars:


Innate Abilities, Weirdness & Mutations

You passively map a small area around you.
You are easily found by Zot.
You glow in the dark.
You regain HP and MP as you explore.


Message History

You climb downwards.
The goblin shouts!
You hear a shout! x2
There is a stone staircase leading up here.
No reachable target in view!
A goblin is nearby!
No reachable target in view!
A goblin comes into view. It is wielding a +0 sling.
The goblin shouts!
The goblin shoots a sling bullet.
The sling bullet hits you but does no damage.
The goblin shoots a sling bullet.
The sling bullet barely misses you.
A gnoll comes into view. It is wielding a +0 whip.
The gnoll shouts!
You hear a shout! x2
The goblin shoots a sling bullet.
The sling bullet hits you but does no damage.
You barely miss the gnoll. You block the gnoll's attack.
The goblin shoots a sling bullet.
The sling bullet barely misses you.
A gnoll comes into view. It is wielding a +0 spear.
You closely miss the gnoll. You block the gnoll's attack.
The gnoll barely misses you.
The goblin shoots a sling bullet.
The sling bullet barely misses you.
The goblin shoots a sling bullet.
The sling bullet hits you.
You slash the gnoll!
You kill the gnoll!
The gnoll hits you from afar with a +0 spear. 2 gnolls come into view.
A gnoll is wielding a +1 halberd of protection.
The gnoll shouts! x2
The gnoll hits you with a +0 spear.
The goblin shoots a sling bullet.
The sling bullet hits you but does no damage.
You block the gnoll's attack.
Things that are here:
a +0 whip; a gnoll corpse You barely miss the gnoll.
The gnoll hits you with a +0 spear!
The gnoll hits you from afar with a +1 halberd of protection!
* * * LOW HITPOINT WARNING * * *
The goblin shoots a sling bullet.
The sling bullet hits you.
* * * LOW HITPOINT WARNING * * *
The gnoll hits you from afar with a +1 halberd of protection!
You die...

*** .# * #.
.# , ** #.
.#####≈ ~
*#.* .#≈≈≈≈≈
+* #g*
.≈≈≈≈≈≈
#.###≈≈≈....
#g#<.≈≈g....
,
#g##.≈≈..##
#.@..≈≈..#
#.###≈≈..#
##* *≈≈g.# ,
, *≈≈..#
≈≈...#
≈≈...#
≈≈...# * * ,


You could see 3 gnolls and 2 goblins.

Vanquished Creatures
  A gnoll (D:3)
  2 dart slugs
  3 ball pythons (D:1)
  A bat (D:1)
  2 endoplasms (D:2)
  A giant cockroach (D:2)
  A goblin (D:1)
  A jackal (D:1)
  2 kobolds (D:2)
  3 rats (D:2)
17 creatures vanquished.

Notes
Turn   | Place    | Note
-------+----------+-------------------------------------------
     0 | D:1      | lunkers the Meteoran Fighter began the quest for the Orb.
     0 | D:1      | Reached XP level 1. HP: 19/19 MP: 2/2
   226 | D:1      | Reached skill level 3 in Axes
   226 | D:1      | Reached XP level 2. HP: 19/26 MP: 3/3
   537 | D:2      | Reached XP level 3. HP: 31/31 MP: 4/4
   560 | D:2      | Reached skill level 4 in Axes
   591 | D:3      | Slain by a gnoll

Illustrated notes

Levels and vault maps discovered:
D:1:      minmay_arrival_doors, layout_basic
D:2:      layout_basic, kennysheep_minor_cross, chequers_serial_rivers_micro_c,
          chequers_serial_rivers_large_a
D:3:      kennysheep_goblin_castle, layout_basic, mainiacjoe_overflow_catwalk,
          lemuel_blue_sif_altar, uniq_grinder

Skill      XL: |  1  2  3 |
---------------+----------+-----
Axes           | 3 4 |  4.3
Fighting       | |  3.2
Armour         | |  3.6
Shields        | |  3.6

Action                     || total
---------------------------++-------
  Melee: War axe           ||    52
 Armour: Scale mail        ||    24
  Dodge: Dodged            ||    28
  Block: Buckler           ||    13

Table legend: (Time is in decaauts)
 A = Elapsed time spent in this place.
 B = Non-inter-level travel time spent in this place.
 C = Inter-level travel time spent in this place.
 D = Time resting spent in this place.
 E = Time spent auto-exploring this place.
 F = Levels seen in this place.
 G = Mean time per level.
                   A        B        C        D        E       F      G
               +--------+--------+--------+--------+--------+-----+--------+
         Total |    611 |    599 |     12 |      0 |    456 |   3 |  203.7 |
       Dungeon |    611 |    599 |     12 |      0 |    456 |   3 |  203.7 |
               +--------+--------+--------+--------+--------+-----+--------+

Top non-repeatable levels by time:
     D:1: 467 daAuts
     D:2: 136 daAuts
     D:3: 7 daAuts
